 Dungeon Crawl Stone Soup version 0.22.0-34-g4f65f92 (webtiles) character file.

7327 HallandMoats the Skirmisher (level 10, -1/104 HPs)
             Began as a Troll Monk on Aug 23, 2018.
             Was a Priest of the Shining One.
             Slain by an orc
             ... wielding a cursed +0 club
              (2 damage)
             ... on level 11 of the Dungeon.
             The game lasted 00:16:38 (9843 turns).

HallandMoats the Skirmisher (Troll Monk)            Turns: 9843, Time: 00:16:39

Health: -1/104     AC: 10    Str: 28    XL:     10   Next: 90%
Magic:  0/12       EV: 14    Int:  6    God:    the Shining One [***...]
Gold:   525        SH:  0    Dex: 18    Spells: 9/9 levels left

rFire    . . .     SeeInvis +     - Unarmed
rCold    . . .     Gourm    +   (no shield)
rNeg     + . .     Faith    .   H - +1 troll leather armour
rPois    .         Spirit   +   (helmet restricted)
rElec    .         Reflect  .   g - +0 cloak
rCorr    .         Harm     .   (gloves unavailable)
MR       .....                  (boots unavailable)
Stlth    +.........             G - amulet of guardian spirit
HPRegen  1.07/turn              d - +6 ring of strength
MPRegen  0.13/turn              C - ring of see invisible

@: slowed, glowing, very slow
A: large, unfitting armour, claws 3, agile 2, fast metabolism 3, gourmand,
regeneration 1, shaggy fur 1, tough skin 2
a: Divine Shield, Renounce Religion


You were on level 11 of the Dungeon.
You worshipped the Shining One.
The Shining One was most pleased with you.
You were not hungry.

You visited 2 branches of the dungeon, and saw 12 of its levels.
You also visited: Ossuary.

You collected 525 gold pieces.

Inventory:

Missiles
 r - 2 throwing nets
 A - 4 large rocks (quivered)
Armour
 g - a +0 cloak (worn)
 H - a +1 troll leather armour (worn)
Jewellery
 d - a +6 ring of strength (left claw)
 q - a +2 ring of protection
 w - an uncursed ring of protection from cold
 x - an uncursed ring of stealth
 B - an uncursed amulet of rage
 C - a ring of see invisible (right claw)
 F - an uncursed ring of protection from magic
 G - an amulet of guardian spirit (around neck)
Wands
 p - a wand of acid (9)
 s - a wand of paralysis (14)
 D - a wand of polymorph (14)
Scrolls
 a - 2 scrolls of identify
 c - 10 scrolls of remove curse
 i - a scroll of immolation {unknown}
 j - 2 scrolls of magic mapping
 n - a scroll of teleportation
 v - a scroll of random uselessness {unknown}
 y - a scroll of fear {unknown}
 z - 2 scrolls of enchant armour
 J - a scroll of amnesia {unknown}
 K - a scroll of blinking {unknown}
 L - a scroll of brand weapon {unknown}
Potions
 e - a potion of mutation
 f - 2 potions of might
 h - 3 potions of haste
 k - 4 potions of flight
 l - 2 potions of lignification {unknown}
 m - 3 potions of invisibility
 o - 2 potions of ambrosia
 t - a potion of agility
 u - 4 potions of curing {unknown}
 E - a potion of cancellation {unknown}
 I - a potion of heal wounds
 M - a potion of brilliance {unknown}
Comestibles
 b - 28 rations


   Skills:
 * Level 7.9 Fighting
 * Level 5.1 Throwing
 + Level 5.0 Armour
 + Level 7.0 Dodging
 - Level 1.0 Stealth
 + Level 7.0 Unarmed Combat
 * Level 5.0 Invocations


You had 9 spell levels left.
You didn't know any spells.
Your spell library contained the following spells:

 Spells                   Type           Power        Failure   Level  Hunger
 Beastly Appendage        Tmut           #.....       50%         1    ##.....
 Corona                   Hex            #......      50%         1    ##.....
 Slow                     Hex            #.......     63%         2    ###....
 Sticks to Snakes         Tmut           #.......     63%         2    ###....
 Inner Flame              Hex/Fire       #.......     86%         3    ####...
 Portal Projectile        Hex/Tloc       #.....       86%         3    ####...
 Spider Form              Tmut/Pois      #.........   86%         3    ####...
 Cause Fear               Hex            #.........   99%         4    #####..
 Ice Form                 Ice/Tmut       #.......     99%         4    #####..
 Leda's Liquefaction      Hex/Erth       #.........   99%         4    #####..
 Blade Hands              Tmut           #.........   100%        5    ######.


Dungeon Overview and Level Annotations

Branches:
Dungeon (11/15)            Temple (1/1) D:7            Lair (0/6) D:9
    Orc: D:9-12

Altars:
Ashenzari
Cheibriados
Dithmenos
Elyvilon
Fedhas
Gozag
Hepliaklqana
Kikubaaqudgha
Makhleb
Nemelex Xobeh
Okawaru
Qazlal
Ru
Sif Muna
Trog
Uskayaw
Vehumet
Wu Jian
Xom
Yredelemnul
Zin
The Shining One

Shops:
D:4 %

Annotations:
D:4 1 runed door


Innate Abilities, Weirdness & Mutations

You are too large for most types of armour.
You have claws for hands.
Your metabolism is lightning-fast.
You like to eat raw meat.
Your natural rate of healing is unusually fast.
You are covered in fur. (AC +1)
You have very tough skin. (AC +2)
You are very agile. (Dex +4)


Message History

The freezing wraith completely misses you.
The freezing wraith hits you but does no damage.
You barely miss the freezing wraith.
The freezing wraith is heavily damaged.
The orc hits you with a club.
* * * LOW HITPOINT WARNING * * *
The freezing wraith closely misses you. The freezing wraith hits you!
* * * LOW HITPOINT WARNING * * *
The freezing wraith drains your vigour!
You feel as though you will be slow longer.
You scratch the freezing wraith.
You claw the freezing wraith, but do no damage.
The freezing wraith is severely damaged.
The freezing wraith hits you.
* * * LOW HITPOINT WARNING * * *
The freezing wraith freezes you!
* * * LOW HITPOINT WARNING * * *
The freezing wraith hits you but does no damage.
The orc hits you with a club.
You die...

.... ...........
.....##..........
........#..≈......?
..≈........≈≈≈.....
......?....≈......#
..........≈≈≈....#
#................
#......o@W...#
#...............
####<).......#..
#..............#
#.................
#......#$...###.###
#.######....# .# #
#....# . #....#


You could see a freezing wraith and an orc.

Vanquished Creatures
  3 two-headed ogres
  2 centaur zombies (D:10)
  A merfolk (D:9)
  A troll (D:9)
  A hippogriff (D:7)
  Grum (D:8)
  2 porcupines (D:9)
  A black bear (D:10)
  3 orc warriors
  An ice beast (D:9)
  3 sky beasts
  4 slaves (D:8)
  A phantom (D:5)
  2 necrophages
  2 ogres
  3 wolves (D:8)
  A crocodile (D:9)
  A big kobold (D:6)
  4 bullfrogs
  2 water moccasin zombies (Ossuary)
  6 killer bees (D:7)
  5 wights (D:10)
  A bullfrog zombie (D:9)
  4 hounds
  A jelly (D:7)
  2 bullfrog skeletons
  4 gnoll shamans (D:4)
  2 orc priests
  8 orc wizards
  2 centaur skeletons
  Ijyb (D:3)
  Terence (D:2)
  6 iguanas
  A worker ant (D:6)
  4 big kobold zombies (Ossuary)
  A hound zombie (D:5)
  2 hound skeletons
  2 mummies (Ossuary)
  37 gnolls
  10 adders
  A shadow imp (D:10)
  An ooze (D:2)
  4 adder zombies
  3 adder skeletons
  3 worms
  3 dart slugs (D:3)
  6 leopard geckos
  18 orcs
  A ball python (D:4)
  9 bats
  6 giant cockroaches
  13 goblins
  11 hobgoblins
  30 jackals
  17 kobolds
  A quokka (D:3)
  A ball python skeleton (D:6)
  2 frilled lizards
  3 gnoll zombies (Ossuary)
  7 hobgoblin zombies (Ossuary)
  A jackal zombie (D:8)
  3 kobold zombies (Ossuary)
  5 orc zombies (Ossuary)
  9 rats
297 creatures vanquished.

Vanquished Creatures (others)
  An orc wizard (D:3)
  4 fungi (D:9)
  2 plants (D:9)
7 creatures vanquished.

Grand Total: 304 creatures vanquished

Notes
Turn   | Place    | Note
-------+----------+-------------------------------------------
     0 | D:1      | HallandMoats the Troll Monk began the quest for the Orb.
     0 | D:1      | Reached XP level 1. HP: 22/22 MP: 0/0
   115 | D:1      | Reached XP level 2. HP: 26/29 MP: 1/1
   906 | D:2      | Reached XP level 3. HP: 36/36 MP: 2/2
  1122 | D:2      | Noticed Terence
  1128 | D:2      | Killed Terence
  1128 | D:2      | Reached XP level 4. HP: 43/45 MP: 3/3
  1159 | D:2      | Reached skill level 1 in Armour
  1618 | D:3      | Noticed Ijyb
  1629 | D:3      | Reached XP level 5. HP: 44/53 MP: 4/4
  1646 | D:3      | Killed Ijyb
  2554 | D:4      | Found a sand-covered staircase.
  2565 | D:4      | Reached XP level 6. HP: 59/62 MP: 5/5
  2602 | Ossuary  | Entered an ossuary
  2769 | Ossuary  | Reached XP level 7. HP: 70/71 MP: 6/6
  2870 | D:4      | Found a burning altar of Makhleb.
  2894 | D:4      | Gained mutation: You are agile. (Dex +2) [potion of mutation]
  2894 | D:4      | Gained mutation: You are very agile. (Dex +4) [potion of mutation]
  2973 | D:4      | Found a runed door.
  2973 | D:4      | Found a white marble altar of Elyvilon.
  2973 | D:4      | Noticed an angel
  3175 | D:4      | Found Ihoil's Food Shoppe.
  3950 | D:4      | Reached skill level 5 in Fighting
  4118 | D:4      | Reached XP level 8. HP: 38/80 MP: 7/7
  4122 | D:4      | Reached skill level 5 in Dodging
  4477 | D:4      | Reached skill level 5 in Unarmed Combat
  4750 | D:5      | Entered Level 5 of the Dungeon
  6366 | D:6      | Found a hazy altar of Hepliaklqana.
  6406 | D:7      | Found a staircase to the Ecumenical Temple.
  6423 | D:7      | Found a sparkling altar of Nemelex Xobeh.
  6471 | Temple   | Entered the Ecumenical Temple
  6603 | Temple   | Became a worshipper of the Shining One
  6603 | Temple   | Reached * piety under the Shining One
  6603 | Temple   | Reached ** piety under the Shining One
  6730 | D:7      | Reached XP level 9. HP: 78/89 MP: 8/8
  6780 | D:7      | Reached skill level 1 in Throwing
  6780 | D:7      | Reached skill level 1 in Invocations
  7414 | D:8      | Noticed Grum
  7426 | D:8      | Killed Grum
  7645 | D:8      | Noticed a two-headed ogre
  7654 | D:8      | Killed a two-headed ogre
  7654 | D:8      | Reached XP level 10. HP: 100/102 MP: 11/11
  7999 | D:8      | Found a snail-covered altar of Cheibriados.
  8075 | D:9      | Noticed a two-headed ogre
  8083 | D:9      | Killed a two-headed ogre
  8260 | D:9      | Noticed a two-headed ogre
  8263 | D:9      | Killed a two-headed ogre
  8374 | D:9      | Found a bloodstained altar of Trog.
  8685 | D:9      | Found a staircase to the Lair.
  9217 | D:10     | Entered Level 10 of the Dungeon
  9224 | D:10     | Reached *** piety under the Shining One
  9231 | D:10     | Reached skill level 5 in Throwing
  9237 | D:10     | Reached skill level 5 in Armour
  9422 | D:10     | Reached skill level 5 in Invocations
  9843 | D:11     | HP: 1/104 [freezing wraith (11)]
  9843 | D:11     | Slain by an orc

Skill      XL: |  1  2  3  4  5  6  7  8  9 10 |
---------------+-------------------------------+-----
Fighting       | 3 4 5 6 7 |  7.9
Dodging        | 3 4 6 7 |  7.0
Armour         | 1 2 3 4 5 |  5.0
Unarmed Combat | 4 5 6 7 |  7.0
Throwing       | 3 5 |  5.1
Invocations    | 3 5 |  5.0
Stealth        | |  1.0

Action                   |  1- 3 |  4- 6 |  7- 9 | 10-12 || total
-------------------------+-------+-------+-------+-------++-------
Melee: Unarmed           |   103 |   250 |   422 |   118 ||   893
       Punch             |     1 |     5 |    16 |    10 ||    32
Throw: Throwing net      |       |       |     3 |     1 ||     4
       Large rock        |       |       |     7 |     7 ||    14
  Use: Scroll            |       |       |     9 |     6 ||    15
       Potion            |       |       |     3 |       ||     3
 Stab: Sleeping          |       |     3 |     6 |       ||     9
  Eat: Chunk             |    16 |    13 |    47 |    13 ||    89
Armor: Robe              |    46 |    80 |   122 |     3 ||   251
       Troll leather arm |       |       |       |    30 ||    30
Dodge: Dodged            |    60 |   170 |   299 |    89 ||   618
